 Dungeon Crawl Stone Soup version 0.31-a0-193-gdfe2569204 (webtiles) character file.

Game seed: 5046521872523361981

106 qw the Skirmisher (level 4, 0/25 HPs)
             Began as a Deep Elf Hunter on June 24, 2023.
             Slain by an orc wizard
             ... wielding a +0 dagger
              (2 damage)
             ... on level 4 of the Dungeon.
             The game lasted 00:00:31 (1134 turns).

qw the Skirmisher (Deep Elf Hunter)                 Turns: 1134, Time: 00:00:32

Health: 0/25       AC:  5    Str: 10    XL:     4   Next: 55%
Magic:  6/6        EV: 11    Int: 14    God:
Gold:   80         SH:  0    Dex: 18    Spells: 3/3 levels left

rFire   . . .        Y - +0 shortbow
rCold   . . .        (shield currently unavailable)
rNeg    . . .        e - +0 ring mail
rPois   .            (no helmet)
rElec   .            (no cloak)
rCorr   .            (no gloves)
SInv    .            (no boots)
Will    .....        (no amulet)
Stlth   +            (no ring)
HPRegen 0.24/turn    (no ring)
MPRegen 0.10/turn

%: no passive effects
@: no status effects
A: no striking features
a: no special abilities


You were on level 4 of the Dungeon.
You visited 1 branch of the dungeon, and saw 3 of its levels.

You collected 80 gold pieces.


   Skills:
 - Level 1.5 Fighting
 + Level 8.0 Ranged Weapons
 - Level 2.4 Dodging
 - Level 1.2 Stealth


You had 3 spell levels left.
You didn't know any spells.
Your spell library was empty.

Inventory:

Hand Weapons
 Y - a +0 shortbow (weapon)
Armour
 e - a +0 ring mail (worn)
Scrolls
 a - a scroll of brand weapon {unknown}
 b - 3 scrolls of identify
Potions
 g - a potion of might {unknown}

Dungeon Overview and Level Annotations

Branches:
Dungeon (2/15)

Altars:
Qazlal


Message History

You shoot an arrow. The arrow hits the orc priest.
You kill the orc priest!
You shoot an arrow. Something hits you.
You shoot an arrow. Something hits you.
You shoot an arrow. The arrow hits the orc.
The orc is lightly wounded.
Something hits you but does no damage. The orc closely misses you. x2
You shoot an arrow. The arrow closely misses the orc.
The orc hits you with a +4 dagger. The orc barely misses you.
The orc hits you with a +0 flail!
You shoot an arrow. The arrow hits the orc!
You kill the orc!
The orc closely misses you.
You shoot an arrow. The arrow barely misses the orc.
The arrow completely misses the orc.
The orc completely misses you.
You shoot an arrow. The arrow hits the orc!
You kill the orc!
You hear some strange, mumbled words.
A magic dart appears from out of thin air!
The magic dart hits you!
Your Ranged Weapons skill increases to level 8!
You shoot an arrow. The arrow hits the orc.
The orc is severely wounded.
The orc barely misses you. Something hits you.
You shoot an arrow. The arrow hits the orc.
The orc is almost dead.
Something hits you. The orc barely misses you.
You shoot an arrow. The arrow closely misses the orc.
You hear some strange, mumbled words.
Something tries to affect you, but you resist.
The orc barely misses you. The orc hits you with a +0 falchion.
Something hits you but does no damage.
You shoot an arrow.
The arrow hits the orc but does no damage.
The orc is almost dead.
The orc misses you. Something hits you.
You die...

#.... #...#
#...# ##...###
#......# ####
##...)..#
#...##.....o.#
#....{o#...#
#....)@#.......
##....##.......
#....# o......
##..## {oo....
#..# .......
#### .......


You could see an orc.

Vanquished Creatures
  An orc priest (D:4)
  4 adders
  A worm (D:2)
  2 orcs (D:4)
  3 ball pythons
  5 bats
  An endoplasm (D:2)
  2 giant cockroaches (D:1)
  4 goblins
  3 quokkas
  5 frilled lizards
  3 kobolds (D:2)
  6 rats
40 creatures vanquished.

Notes
Turn   | Place    | Note
-------+----------+-------------------------------------------
     0 | D:1      | qw the Deep Elf Hunter began the quest for the Orb.
     0 | D:1      | Reached XP level 1. HP: 12/12 MP: 3/3
     0 | D:1      | 0 ||| qw: Version: 0.3-a-9-g12657ce
     0 | D:1      | 0 ||| qw: Game counter: 4706
     0 | D:1      | 0 ||| qw: Always use a shield: true
     0 | D:1      | 0 ||| qw: God list: Okawaru
     0 | D:1      | 0 ||| qw: Allow faded altars: false
     0 | D:1      | 0 ||| qw: Do Orc after D:15 true
     0 | D:1      | 0 ||| qw: Do second Lair branch before Depths: true
     0 | D:1      | 0 ||| qw: Lair rune preference: random
     0 | D:1      | 0 ||| qw: Plans: Normal
     0 | D:1      | 0 ||| PLANNING D:1-11
    80 | D:1      | Found a faded altar of an unknown god.
   174 | D:1      | Reached XP level 2. HP: 16/16 MP: 4/4
   177 | D:1      | Reached skill level 6 in Ranged Weapons
   737 | D:1      | 737 ||| UPGRADING to +0 ring mail.
   747 | D:1      | 747 ||| DROPPING +0 leather armour.
   748 | D:1      | 748 ||| READING scroll labelled BASOCI MIANGUL.
   749 | D:1      | 749 ||| READING scroll labelled KAWKAME KAUFUD.
   753 | D:1      | 753 ||| DROPPING scroll of butterflies.
   776 | D:2      | 776 ||| STAIRDANCE
   787 | D:2      | Reached XP level 3. HP: 20/20 MP: 5/5
   789 | D:2      | 789 ||| STAIRDANCE
   800 | D:2      | 800 ||| STAIRDANCE
   805 | D:1      | Reached skill level 7 in Ranged Weapons
   986 | D:2      | Found a stormy altar of Qazlal.
  1060 | D:2      | Reached XP level 4. HP: 25/25 MP: 6/6
  1108 | D:2      | You fall into a shaft and drop 2 floors!
  1118 | D:4      | 1118 ||| Stepping ~*~*~tactically~*~*~ (outnumbered).
  1121 | D:4      | 1121 ||| Stepping ~*~*~tactically~*~*~ (outnumbered).
  1122 | D:4      | 1122 ||| Stepping ~*~*~tactically~*~*~ (outnumbered).
  1131 | D:4      | Reached skill level 8 in Ranged Weapons
  1132 | D:4      | HP: 6/25 [something (1)]
  1133 | D:4      | HP: 2/25 [orc/+0 falchion (5)]
  1134 | D:4      | Slain by an orc wizard

Levels and vault maps discovered:
D:1:      grunt_arrival_crossed_arrows, layout_basic,
          shapermc_ecumenical_altar_starsandcircs
D:2:      layout_loops_ring, basic_altar, chequers_jeans, grunt_ministairs_7,
          minmay_misc_feat_cross, uniq_sigmund
D:4:      kennysheep_six_static_rooms, layout_basic, minmay_misc_feat_x,
          minmay_misc_feat_four_crosses

Skill      XL: |  1  2  3  4 |
---------------+-------------+-----
Ranged Weapons | 6 7 8 |  8.0
Fighting       | |  1.5
Dodging        | |  2.4
Stealth        | |  1.2

Action                     |  1- 3 |  4- 6 || total
---------------------------+-------+-------++-------
   Fire: Shortbow          |   106 |    27 ||   133
    Use: Scroll            |     2 |       ||     2
 Armour: Leather armour    |     7 |       ||     7
         Ring mail         |    33 |     8 ||    41
  Dodge: Dodged            |    33 |    14 ||    47

Table legend:
 A = Non-vault XP
 B = Vault XP
 C = Vault XP percentage of total XP
 D = Non-vault monster count
 E = Vault monster count
 F = Vault count percentage of total count
                 A         B        C        D         E       F
            +---------+---------+-------+---------+---------+-------
      Total |     152 |       0 |   0.0 |      40 |       0 |   0.0
            +---------+---------+-------+---------+---------+-------
        D:1 |      52 |       0 |   0.0 |      20 |       0 |   0.0
        D:2 |      53 |       0 |   0.0 |      17 |       0 |   0.0
        D:4 |      47 |       0 |   0.0 |       3 |       0 |   0.0
            +---------+---------+-------+---------+---------+-------
